 Dungeon Crawl Stone Soup version 0.27.1-34-g3ba077fa99 (webtiles) character file.

Game seed: 18433603350638971789

4433 DrStoges the Thaumaturge (level 10, 0/46 HPs)
             Began as a Spriggan Fire Elementalist on Jan 24, 2022.
             Was an Initiate of Gozag.
             Splashed by an acid dragon's acid (11 damage)
             ... on level 8 of the Dungeon.
             The game lasted 00:48:11 (12605 turns).

DrStoges the Thaumaturge (SpFE)                    Turns: 12605, Time: 00:48:11

Health: 0/46       AC:  2    Str:  4    XL:     10   Next: 14%
Magic:  6/23       EV: 21    Int: 20    God:    Gozag
Gold:   435        SH:  0    Dex: 16    Spells: 2/26 levels left

rFire    . . .     SeeInvis +   w - +2 dagger (venom)
rCold    . . .     Faith    .   (shield restricted)
rNeg     . . .     Spirit   .   e - +0 robe
rPois    .         Reflect  .   (helmet restricted)
rElec    .         Harm     .   (no cloak)
rCorr    .         Rampage  .   (gloves unavailable)
Will     +....                  (boots unavailable)
Stlth    ++++......             (no amulet)
HPRegen  0.15/turn              g - +4 ring of protection
MPRegen  0.18/turn              (no ring)

@: corroded, gold aura, very quick
A: very small, no large weapons, unfitting armour, see invisible, speed 3
a: Renounce Religion, Potion Petition, Call Merchant, Bribe Branch


You were on level 8 of the Dungeon.
You worshipped Gozag.
Gozag was aware of your devotion.
You visited 1 branch of the dungeon, and saw 8 of its levels.

You collected 1949 gold pieces.
You spent 1438 gold pieces at shops.
You paid 76 gold pieces to Gozag.

Inventory:

Hand Weapons
 i - a +0 dagger of electrocution
 s - a +0 dagger of protection
 w - a +2 dagger of venom (weapon)
Missiles
 j - 5 boomerangs of dispersal
Armour
 e - a +0 robe (worn)
Jewellery
 g - a +4 ring of protection (left hand)
 h - an amulet of reflection
 v - a ring of protection from fire
Wands
 n - a wand of polymorph (14)
 C - a wand of iceblast (11)
Scrolls
 a - a scroll of enchant weapon {unknown}
 c - 5 scrolls of enchant armour
 f - 3 scrolls of teleportation {unknown}
 l - 2 scrolls of noise {unknown}
 p - 3 scrolls of blinking {unknown}
 r - a scroll of fear {unknown}
 y - a scroll of brand weapon {unknown}
 z - a scroll of immolation {unknown}
 B - a scroll of vulnerability {unknown}
 D - a scroll of torment {unknown}
Potions
 b - 2 potions of haste
 k - a potion of brilliance
 o - a potion of flight
 u - a potion of magic
 x - a potion of berserk rage
 A - a potion of heal wounds
 E - a potion of curing


   Skills:
 - Level 1.5 Fighting
 * Level 7.4 Dodging
 * Level 8.7 Stealth
 + Level 8.7 Spellcasting
 + Level 3.9 Conjurations
 + Level 3.2 Hexes
 * Level 7.7 Fire Magic


You had 2 spell levels left.
You knew the following spells:

 Your Spells              Type           Power      Damage    Failure   Level
a - Foxfire               Conj/Fire      100%       2x1d9     1%          1
b - Inner Flame           Hex/Fire       30%        N/A       2%          3
c - Conjure Flame         Conj/Fire      32%        6-21      2%          3
d - Sticky Flame          Conj/Fire      32%        2d5       7%          4
e - Fireball              Conj/Fire      16%        3d8       21%         5
f - Stone Arrow           Conj/Erth      32%        3d9       11%         3
g - Bolt of Magma         Conj/Fire/Erth 12%        4d8       41%         5

Your spell library contained the following spells:

 Spells                   Type           Power      Damage    Failure   Level
 Portal Projectile        Hex/Tloc       30%        N/A       12%         3
 Blade Hands              Tmut           4%         N/A       91%         5
 Excruciating Wounds      Necr           4%         N/A       91%         5
 Shatter                  Erth           4%         3d7*      100%        9


Dungeon Overview and Level Annotations

Branches:
Dungeon (8/15)             Temple (0/1) D:7
   Lair: D:8-11

Altars:
Gozag
Qazlal
Xom

Shops:
D:3 ?   D:4 *   D:6 :

Annotations:
D:8 Psyche


Innate Abilities, Weirdness & Mutations

You are very small and have problems with some larger weapons.
You are too small for most types of armour.
You have supernaturally acute eyesight. (SInv)
You cover ground extremely quickly. (Speed+++)


Message History

Casting: Foxfire (safe; 1% risk of failure)
Confirm with . or Enter, or press ? or * to list all spells.
You can't see any susceptible monsters within range! (Use Z to cast anyway.)
The foxfire hits the wight but does no damage.
The wight is heavily damaged.
Casting: Foxfire (safe; 1% risk of failure)
Confirm with . or Enter, or press ? or * to list all spells.
Aiming: Stone Arrow (dangerous; 11% risk of failure)
Press: ? - help, Shift-Dir - straight line, f - wight
Aim: a wight, wielding a +1 great sword of freezing and wearing a +0 robe (heavily damaged, 68% to hit)
The stone arrow hits the wight.
The wight is almost destroyed.
Casting: Stone Arrow (dangerous; 11% risk of failure)
Confirm with . or Enter, or press ? or * to list all spells.
Aiming: Stone Arrow (dangerous; 11% risk of failure)
Press: ? - help, Shift-Dir - straight line, f/p - wight
Aim: a wight, wielding a +1 great sword of freezing and wearing a +0 robe (almost destroyed, 68% to hit)
The stone arrow hits the wight!
You destroy the wight!
Casting: Stone Arrow (dangerous; 11% risk of failure)
Confirm with . or Enter, or press ? or * to list all spells.
Aiming: Stone Arrow (dangerous; 11% risk of failure)
Press: ? - help, Shift-Dir - straight line, f - steam dragon
Aim: a steam dragon (inner flame, 68% to hit)
The stone arrow hits the steam dragon!
Flame seeps out of the steam dragon.
The steam dragon is heavily wounded.
The steam dragon is engulfed in blazing flames.
Flame seeps out of the steam dragon.
The steam dragon breathes steam at you. The ball of steam hits you!
The steam dragon is engulfed in blazing flames.
The steam dragon explodes!
You start resting.
There is a stone staircase leading up here.
The acid dragon spits acid at you. The splash of acid hits you!
* * * LOW HITPOINT WARNING * * *
The acid corrodes you!
You are splashed with acid!
You die...
Your body crumbles into a pile of gold.

############
#...........
####..D.....§..
##..D§##.$####.#
######.$######<....>#
#$...§.§# ####.$.#
#...@.[.# #.$
#§...$..# # ##..$..##
#......$....
#....).......
#..........$$.....
#................##
#.................#
#.........$.......


You could see an acid dragon (catching breath).

Vanquished Creatures
  A two-headed ogre (D:7)
  A manticore (D:6)
  A troll (D:6)
  A hornet (D:7)
  A yak (D:6)
  2 steam dragons
  A sky beast (D:7)
  A centaur (D:6)
  4 ogres
  2 necrophages
  A phantom (D:5)
  2 gnoll sergeants (D:7)
  A kobold brigand (D:6)
  A scorpion (D:5)
  A wyvern zombie (D:7)
  2 water moccasin skeletons
  10 wights
  2 howler monkeys (D:7)
  4 jellies
  A gnoll shaman (D:8)
  4 orc priests
  A bullfrog skeleton (D:6)
  2 hounds (D:7)
  Ijyb (D:4)
  10 orc wizards
  A killer bee zombie (D:7)
  A howler monkey zombie (D:8)
  8 adders
  10 gnolls
  A howler monkey skeleton (D:3)
  2 ufetubi (D:5)
  A worm (D:5)
  3 dart slugs
  31 orcs
  8 endoplasms
  3 giant cockroaches
  7 goblins
  A hobgoblin (D:3)
  An iguana (D:5)
  10 jackals
  4 quokkas
  9 ball pythons
  3 bats
  6 frilled lizards
  6 kobolds
  9 rats
183 creatures vanquished.

Vanquished Creatures (collateral kills)
  2 foxfires (D:2)
2 creatures vanquished.

Vanquished Creatures (others)
  655 foxfires
  3 plants (D:2)
658 creatures vanquished.

Grand Total: 843 creatures vanquished

Notes
Turn   | Place    | Note
-------+----------+-------------------------------------------
     0 | D:1      | DrStoges the Spriggan Fire Elementalist began the quest for
                  | the Orb.
     0 | D:1      | Reached XP level 1. HP: 9/9 MP: 5/5
   467 | D:1      | Reached XP level 2. HP: 13/13 MP: 3/6
  1380 | D:1      | Reached skill level 1 in Conjurations
  1484 | D:1      | Reached XP level 3. HP: 16/16 MP: 4/8
  2288 | D:2      | Found a faded altar of an unknown god.
  2943 | D:3      | Reached XP level 4. HP: 21/21 MP: 5/9
  3168 | D:3      | Reached skill level 1 in Fighting
  3359 | D:3      | Reached XP level 5. HP: 25/25 MP: 6/11
  3901 | D:3      | Found Inleud's Magic Scroll Shop.
  4041 | D:4      | Found an opulent altar of Gozag.
  4049 | D:4      | Became a worshipper of Gozag Ym Sagoz the Greedy
  4066 | D:4      | Found Meur's Lightly-Used Armoury.
  4070 | D:4      | Bought a -2 triple crossbow for 1 gold piece
  4070 | D:4      | Bought a -3 lajatang for 1 gold piece
  4152 | D:4      | Noticed an ogre
  4178 | D:4      | Killed an ogre
  4401 | D:4      | Noticed Ijyb
  4423 | D:4      | Reached XP level 6. HP: 30/30 MP: 7/13
  4442 | D:4      | Killed Ijyb
  5238 | D:5      | Entered Level 5 of the Dungeon
  5240 | D:5      | Found a shimmering altar of Xom.
  5678 | D:5      | Reached XP level 7. HP: 33/33 MP: 5/15
  5947 | D:5      | Reached skill level 5 in Stealth
  6130 | D:5      | Reached skill level 5 in Spellcasting
  6882 | D:6      | Noticed a yak
  6882 | D:6      | Noticed a manticore
  6938 | D:6      | Killed a yak
  6939 | D:6      | Reached skill level 5 in Fire Magic
  6939 | D:6      | Reached XP level 8. HP: 37/37 MP: 4/17
  6944 | D:6      | Learned a level 3 spell: Inner Flame
  6948 | D:6      | Learned a level 3 spell: Conjure Flame
  7049 | D:6      | Killed a manticore
  7050 | D:6      | Reached skill level 5 in Dodging
  7466 | D:6      | Noticed a troll
  7757 | D:6      | Found Ebusiqyl's Book Shop.
  7776 | D:6      | Killed a troll
  7777 | D:6      | Reached skill level 1 in Hexes
  9032 | D:7      | Reached XP level 9. HP: 41/41 MP: 13/20
  9519 | D:7      | Noticed a two-headed ogre
  9530 | D:7      | Killed a two-headed ogre
  9955 | D:7      | Found a stormy altar of Qazlal.
 10524 | D:7      | Found a staircase to the Ecumenical Temple.
 11197 | D:3      | Bought a scroll of acquirement for 624 gold pieces
 11204 | D:3      | Bought a scroll of identify for 24 gold pieces
 11204 | D:3      | Bought a scroll of identify for 24 gold pieces
 11204 | D:3      | Bought a scroll of identify for 24 gold pieces
 11204 | D:3      | Bought a scroll of enchant armour for 90 gold pieces
 11204 | D:3      | Bought a scroll of enchant armour for 90 gold pieces
 11216 | D:3      | Acquired 905 gold pieces
 11372 | D:6      | Learned a level 4 spell: Sticky Flame
 11378 | D:6      | Learned a level 5 spell: Fireball
 11378 | D:6      | Bought a book of the Earth for 560 gold pieces
 11383 | D:6      | Learned a level 3 spell: Stone Arrow
 11389 | D:6      | Learned a level 5 spell: Bolt of Magma
 11672 | D:8      | Reached XP level 10. HP: 46/46 MP: 17/23
 12001 | D:8      | Noticed Psyche
 12605 | D:8      | Splashed by an acid dragon's acid

Illustrated notes

Levels and vault maps discovered:
D:1:      giann_wishing_wells, layout_loops_cross, minmay_crystal_room
D:2:      layout_loops_ring, dreamdust_ecumenical_altar_grove,
          minmay_misc_feat_columns, chequers_arboretum, serial_bayou_pond_b,
          chequers_garden
D:3:      layout_rooms, serial_shops, nicolae_shop_behind_doors
D:4:      layout_loops_corners, grunt_gozag_breadcrumbs, minmay_shop_damaged,
          uniq_ijyb
D:5:      layout_loops_ring, dk_xom_monty_hall
D:6:      layout_loops_ring, serial_shops, shop, kennysheep_pointless_box,
          eino_small_chamber_without_monster, kennysheep_decorative_pillar,
          kb_rosetta
D:7:      layout_basic, mainiacjoe_overflow_24_doors, minmay_temple_entry_hall
D:8:      layout_rooms, nicolae_lava_and_water, uniq_psyche

Skill      XL: |  1  2  3  4  5  6  7  8  9 |
---------------+----------------------------+-----
Spellcasting   | 3 4 5 6 8 |  8.7
Conjurations   | 1 2 3 |  3.9
Fire Magic     | 3 4 5 6 7 |  7.7
Dodging        | 3 4 6 7 |  7.4
Fighting       | 1 |  1.5
Stealth        | 4 5 7 8 |  8.7
Hexes          | 1 3 |  3.2

Action                   |  1- 3 |  4- 6 |  7- 9 | 10-12 || total
-------------------------+-------+-------+-------+-------++-------
Melee: Unarmed           |     2 |       |       |       ||     2
       Dagger            |    12 |    14 |     7 |       ||    33
 Cast: Foxfire           |   118 |   132 |   205 |    23 ||   478
       Inner Flame       |       |       |    55 |    15 ||    70
       Conjure Flame     |       |       |     6 |       ||     6
       Stone Arrow       |       |       |     2 |    17 ||    19
  Use: Scroll            |       |       |    11 |       ||    11
Armor: Robe              |     1 |     6 |     2 |       ||     9
Dodge: Dodged            |    28 |    43 |    30 |    11 ||   112
